 Dungeon Crawl Stone Soup version 0.28.0-49-g6dfe1f597d (webtiles) character file.

Game seed: 6647598879165793903

508 nickcage the Cleaver (level 7, 0/57 HPs)
             Began as a Hill Orc Monk on May 17, 2022.
             Was an Elder of Nemelex Xobeh.
             Slain by an ogre
             ... wielding a +0 giant spiked club
              (16 damage)
             ... on level 4 of the Dungeon.
             The game lasted 00:09:27 (3657 turns).

nickcage the Cleaver (Hill Orc Monk)                Turns: 3657, Time: 00:09:28

Health: 0/57       AC:  9    Str: 16    XL:     7   Next: 18%
Magic:  0/7        EV:  7    Int: 10    God:    Nemelex Xobeh [****..]
Gold:   176        SH:  0    Dex: 13    Spells: 6/6 levels left

rFire   . . .      SeeInvis .   a - +0 hand axe
rCold   . . .      Faith    .   (no shield)
rNeg    . . .      Spirit   +   m - +0 chain mail
rPois   .          Reflect  .   (no helmet)
rElec   .          Harm     .   (no cloak)
rCorr   .          Rampage  .   i - +0 pair of gloves
Will    .....                   (no boots)
Stlth   ..........              f - amulet of guardian spirit
HPRegen 0.19/turn               (no ring)
MPRegen 0.10/turn               (no ring)

@: no status effects
A: no striking features
a: Renounce Religion, Draw Escape, Draw Destruction, Draw Summoning, Triple
Draw, Deal Four


You were on level 4 of the Dungeon.
You worshipped Nemelex Xobeh.
Nemelex Xobeh was greatly pleased with you.
You visited 1 branch of the dungeon, and saw 4 of its levels.

You collected 176 gold pieces.

Inventory:

Hand Weapons
 a - a +0 hand axe (weapon)
Missiles
 h - 4 poisoned darts (quivered)
Armour
 b - a +0 robe
 e - a +0 ring mail
 i - a +0 pair of gloves (worn)
 m - a +0 chain mail (worn)
Jewellery
 f - an amulet of guardian spirit (around neck)
Wands
 s - a wand of paralysis (8)
Scrolls
 c - a scroll of silence {unknown}
 d - 2 scrolls of immolation {unknown}
 j - 2 scrolls of identify {unknown}
 k - a scroll of fear {unknown}
 l - 2 scrolls of teleportation {unknown}
 n - a scroll of blinking {unknown}
 q - a scroll of fog {unknown}
 u - a scroll of noise {unknown}
 v - a scroll of enchant weapon {unknown}
Potions
 g - 2 potions of curing {unknown}
 o - a potion of heal wounds {unknown}
 p - a potion of invisibility {unknown}
 r - a potion of haste {unknown}
 t - a potion of ambrosia {unknown}


   Skills:
 - Level 3.6 Fighting
 + Level 10.4 Axes
 - Level 2.4 Dodging
 - Level 1.5 Stealth


You had 6 spell levels left.
You didn't know any spells.
Your spell library was empty.

Dungeon Overview and Level Annotations

Branches:
Dungeon (4/15)
 Temple: D:4-7

Altars:
Nemelex Xobeh


Message History

The ogre shouts!
You draw a card...
You have drawn the Storm.
A fierce wind blows from the card.
You hear mighty peals of thunder!
You draw a card...
You have drawn the Orb.
Press: ? - help, Shift-Dir - straight line, f - ogre
Aim: an ogre, wielding a +0 giant spiked club Your orb of destruction hits a rock wall. x5
Your orb of destruction hits a rock wall. x2
The ogre hits you with a +0 giant spiked club!
You hit the ogre.
The ogre is lightly wounded.
You hit the ogre but do no damage.
The ogre is lightly wounded.
The ogre hits you with a +0 giant spiked club!
You hit the ogre.
The ogre is lightly wounded.
The ogre hits you with a +0 giant spiked club!
You draw a card...
You have drawn Pain.
Press: ? - help, Shift-Dir - straight line, f/p - ogre
Aim: an ogre, wielding a +0 giant spiked club (lightly wounded)
The ogre convulses!
The ogre hits you with a +0 giant spiked club!
* * * LOW HITPOINT WARNING * * *
You don't know any spells.
You draw a card...
You have drawn the Orb.
Press: ? - help, Shift-Dir - straight line, f/p - ogre
Aim: an ogre, wielding a +0 giant spiked club (heavily wounded)
Your orb of destruction hits a rock wall.
The wavering orb of destruction weakly hits the ogre!
The ogre is almost dead.
Your orb of destruction hits a rock wall. x4
You barely miss the ogre.
The ogre is almost dead.
Your orb of destruction hits a rock wall.
The ogre hits you with a +0 giant spiked club!!
You die...
Your body glows with a rainbow of weird colours and disappears.

#.....## ##..# ..
##.....# #..## ..#
##......# #...# ...#
##.....#.## ##...
#..###..##..#..#####...
#....###..##.....#..#
##...# #..#.###......
##○O###...## ###.#..
#.@○##..## #(###.
##°○##..# ##.# #.
##.○#..## #.## ##
.####.## ### ## ##.#
###


You could see an ogre.

Vanquished Creatures
  Sigmund (D:3)
  2 scorpions
  6 gnolls
  6 adders
  A worm (D:4)
  A dart slug (D:2)
  4 endoplasms
  5 giant cockroaches
  5 goblins
  7 hobgoblins
  4 jackals (D:1)
  6 quokkas
  5 ball pythons
  8 bats
  4 frilled lizards
  7 kobolds
  5 rats
77 creatures vanquished.

Vanquished Creatures (collateral kills)
  A gnoll shaman (D:3)
  2 gnolls (D:3)
3 creatures vanquished.

Vanquished Creatures (others)
  12 plants (D:3)
12 creatures vanquished.

Grand Total: 92 creatures vanquished

Notes
Turn   | Place    | Note
-------+----------+-------------------------------------------
     0 | D:1      | nickcage the Hill Orc Monk began the quest for the Orb.
     0 | D:1      | Reached XP level 1. HP: 19/19 MP: 1/1
   140 | D:1      | Reached XP level 2. HP: 15/26 MP: 2/2
   343 | D:1      | Reached skill level 5 in Axes
  1068 | D:1      | Found a faded altar of an unknown god.
  1071 | D:1      | Prayed at the altar of an unknown god.
  1071 | D:1      | Became a worshipper of Nemelex Xobeh the Trickster
  1071 | D:1      | Reached * piety under Nemelex Xobeh
  1071 | D:1      | Received a gift from Nemelex Xobeh
  1071 | D:1      | Reached ** piety under Nemelex Xobeh
  1071 | D:1      | Received a gift from Nemelex Xobeh
  1120 | D:1      | Reached XP level 3. HP: 29/31 MP: 3/3
  1253 | D:2      | Reached skill level 6 in Axes
  1262 | D:2      | Reached XP level 4. HP: 33/39 MP: 4/4
  1331 | D:2      | Reached *** piety under Nemelex Xobeh
  1761 | D:2      | Received a gift from Nemelex Xobeh
  1812 | D:2      | Reached skill level 7 in Axes
  2073 | D:2      | Reached XP level 5. HP: 42/45 MP: 5/5
  2404 | D:3      | Reached skill level 8 in Axes
  2608 | D:3      | Reached XP level 6. HP: 37/51 MP: 3/6
  2950 | D:3      | Noticed Sigmund
  2956 | D:3      | Killed Sigmund
  2957 | D:3      | Reached skill level 10 in Axes
  2957 | D:3      | Reached XP level 7. HP: 39/57 MP: 4/7
  3316 | D:4      | Received a gift from Nemelex Xobeh
  3334 | D:4      | Reached **** piety under Nemelex Xobeh
  3575 | D:4      | Received a gift from Nemelex Xobeh
  3657 | D:4      | Slain by an ogre

Illustrated notes

Levels and vault maps discovered:
D:1:      doesnt_arrival_eight_statues, layout_basic,
          shapermc_ecumenical_altar_mp_vishouse
D:2:      minmay_chambers_of_ones, layout_loops_cross, amcnicky_mini_pool_small,
          kennysheep_generic_room_6
D:3:      layout_rooms, nicolae_grassy_gnolls, uniq_sigmund
D:4:      layout_layer_cave, gammafunk_ghost_icy, solitary_fountain,
          abandoned_shop, chequers_avenue

Skill      XL: |  1  2  3  4  5  6 |
---------------+-------------------+-----
Axes           | 5 6 7 8 10 | 10.4
Fighting       | |  3.6
Dodging        | |  2.4
Stealth        | |  1.5

Action                   |  1- 3 |  4- 6 |  7- 9 || total
-------------------------+-------+-------+-------++-------
Melee: Hand axe          |   115 |   121 |    39 ||   275
       Punch             |     3 |     1 |       ||     4
Throw: Dart              |     3 |     6 |     5 ||    14
Invok: Draw Destruction  |     1 |     5 |     4 ||    10
       Draw Summoning    |       |     1 |       ||     1
Armor: Robe              |     8 |       |       ||     8
       Ring mail         |    34 |    14 |       ||    48
       Chain mail        |       |    53 |    10 ||    63
Dodge: Dodged            |    83 |    62 |    11 ||   156
